Map: Abyssal Reef LE

Players

TRUE

  • Race: Zerg Zerg
  • Spawn Location: 5:00

TIME (Oliveira) - Winner!

  • Race: Terran Terran
  • Spawn Location: 11:00

Event: WCS Austin 2017

VOD

Have the link to the VOD?

Description

Time

  • Played on: April 28, 2017, 7:37 p.m.
  • Length: 5:42

All games in this series

Show
View Real Time Build Order
Export as new Build Order

TRUE Zerg 

Build Orders: Pool Only, Ravager All-In 

Get SALT Encoding   

  12  0:00  Drone  
  13  0:11  Extractor  
  12  0:24  Spawning Pool  
  12  0:28  Drone  
  12  0:33  Drone  
  13  0:39  Drone  
  14  0:50  Overlord  
  14  1:09  Drone  
  14  1:11  Zergling x2  
  16  1:14  Roach Warren  
  15  1:19  Drone  
  15  1:23  Extractor  
  15  1:33  Overlord  
  15  1:55  Roach x2  
  15  1:56  Roach  
  21  2:09  Roach  
  23  2:16  Ravager x2  
  23  2:17  Ravager  
  26  2:27  Roach  
  28  2:38  Overlord  
  28  2:41  Ravager  
  29  2:48  Ravager  
  30  2:59  Roach  
  32  3:18  Roach  
  32  3:19  Roach  
  36  3:23  Roach  
  37  3:43  Roach  
  37  3:45  Roach  
  29  4:06  Drone x2  
  28  4:13  Drone, Queen  
  31  4:30  Overlord  
  31  4:35  Overlord  
  31  4:44  Overlord  
  23  4:51  Queen  
  25  4:55  Drone  
  26  5:03  Spore Crawler  
  25  5:08  Roach  
  27  5:17  Roach  
  27  5:21  Roach  
Show
View Real Time Build Order
Export as new Build Order

TIME Terran - Winner!

Build Orders: Cyclone Opening, Reaper Expand 

Get SALT Encoding   

  12  0:01  SCV  
  13  0:13  SCV  
  14  0:17  Supply Depot  
  14  0:25  SCV  
  15  0:29  Refinery  
  15  0:39  SCV  
  16  0:45  Barracks  
  16  0:51  SCV  
  17  1:03  SCV  
  18  1:15  SCV  
  19  1:32  Reaper, Orbital Command  
  20  1:44  Command Center  
  20  1:55  Factory  
  20  1:59  SCV  
  21  2:08  Refinery  
  21  2:15  Bunker, Marine  
  21  2:18  SCV  
  21  2:20  Supply Depot  
  23  2:41  Cyclone, Marine, SCV  
  28  2:44  Supply Depot  
  28  2:48  Starport  
  28  2:54  SCV  
  29  3:06  SCV  
  29  3:07  Barracks Tech Lab  
  30  3:21  Supply Depot  
  30  3:22  Supply Depot  
  25  3:43  Cyclone, Banshee, SCV  
  27  3:55  Cloaking Field, SCV  
  24  4:09  SCV  
  23  4:17  Cyclone  
  23  4:21  SCV  
  27  4:33  SCV  
  28  4:42  Banshee  
  28  4:45  SCV  
  32  4:52  Supply Depot  
  32  4:57  SCV  
  33  5:03  Cyclone  
  36  5:09  SCV  
  32  5:21  SCV  
Tags
 
Add a new tag
Caveats
  • Supply blocks, unpowered buildings, or Contaminate may cause inaccurate times.
  • Supply counts are checked every 10 seconds.